 Dungeon Crawl Stone Soup version 0.30.0-29-ga12c61a403 (webtiles) character file.

Game seed: 15472652841889048390

1556 Sabo the Gusty (level 8, 0/61 HPs)
             Began as a Pale Draconian Air Elementalist on June 12, 2023.
             Was a Follower of Sif Muna.
             Frozen to death by safid's ghost (17 damage)
             ... on level 6 of the Dungeon.
             The game lasted 00:47:38 (9324 turns).

Sabo the Gusty (Pale Draconian Air Elementalist)    Turns: 9324, Time: 00:47:39

Health: 0/61       AC:  7    Str: 10    XL:     8   Next: 58%
Magic:  8/15       EV: 13    Int: 19    God:    Sif Muna [*.....]
Gold:   316        SH:  0    Dex: 17    Spells: 9/16 levels left

rFire   . . .        p - +2 long sword (freeze)
rCold   . . .        (no shield)
rNeg    . . .        (body armour unavailable)
rPois   .            (helmet restricted)
rElec   .            j - +0 cloak
rCorr   .            (no gloves)
SInv    .            (no boots)
Will    .....        (no amulet)
Stlth   ++           f - +6 ring of dexterity
HPRegen 0.30/turn    g - ring of wizardry
MPRegen 0.14/turn

%: wizardry (x1)
@: short of breath, slowed, very slow
A: breathe steam, AC +6, unfitting armour, cold-blooded, steam resistance
a: Breathe Steam, Renounce Religion, Channel Magic


You were on level 6 of the Dungeon.
You worshipped Sif Muna.
Sif Muna was aware of your devotion.
You visited 2 branches of the dungeon, and saw 7 of its levels.

You collected 316 gold pieces.

Inventory:

Hand Weapons
 o - a +0 short sword of speed
 p - a +2 long sword of freezing (weapon)
 q - a +2 dagger of flaming
 u - a +0 war axe
Missiles
 m - 3 poisoned darts
 A - 2 throwing nets
Armour
 j - a +0 cloak (worn)
Magical Staves
 k - the staff of cold "Ihyof" {rC+ Str+3}
   (You found it on level 6 of the Dungeon)

   [staff of cold]

   Base accuracy: +5 Base damage: 5 Base attack delay: 1.2 This weapon's minimum
   attack delay (0.6) is reached at skill level 12.
   Str:       It affects your strength (+3).
   rC:        It protects you from cold.
   It falls into the 'Staves' category.
   It is a one-handed weapon.
Jewellery
 f - a +6 ring of dexterity (left hand)
 g - a ring of wizardry (right hand)
 v - a ring of protection from fire
 D - an amulet of the acrobat
Wands
 t - a wand of charming (6)
 x - a wand of flame (14)
 y - a wand of roots (5)
Scrolls
 b - a scroll of magic mapping
 d - 3 scrolls of teleportation
 l - 2 scrolls of fog
 n - a scroll of amnesia {unknown}
 C - a scroll of vulnerability {unknown}
Potions
 a - a potion of magic
 c - a potion of berserk rage {unknown}
 e - a potion of invisibility {unknown}
 h - 2 potions of cancellation {unknown}
 i - 2 potions of curing {unknown}
 r - 4 potions of degeneration {unknown}
 s - a potion of heal wounds {unknown}
 w - a potion of might {unknown}
 z - 2 potions of resistance {unknown}
 B - 2 potions of ambrosia {unknown}


   Skills:
 + Level 2.2 Fighting
 + Level 0.1(2.9) Short Blades
 + Level 4.7(4.8) Long Blades
 + Level 0.7 Maces & Flails
 + Level 3.1 Dodging
 + Level 3.2 Stealth
 + Level 4.8 Spellcasting
 + Level 4.5 Conjurations
 + Level 6.2 Air Magic


You had 9 spell levels left.
You knew the following spells:

 Your Spells              Type           Power      Damage    Failure   Level
a - Shock                 Conj/Air       96%        1d9       1%          1
b - Static Discharge      Conj/Air       48%        2-4/arc   1%          2
c - Airstrike             Air            14%        2d(2-18)  4%          4

Your spell library contained the following spells:

 Spells                   Type           Power      Damage    Failure   Level
 Swiftness                Air            28%        N/A       1%          3
 Lesser Beckoning         Tloc           8%         N/A       8%          2
 Gell's Gravitas          Tloc           4%         N/A       16%         3
 Portal Projectile        Hex/Tloc       8%         N/A       16%         3
 Teleport Other           Tloc           4%         N/A       16%         3
 Tukima's Dance           Hex            4%         N/A       16%         3
 Blade Hands              Tmut           2%         N/A       77%         5


Dungeon Overview and Level Annotations

Branches:
Dungeon (6/15)             Temple (1/1) D:6

Altars:
Ashenzari
Cheibriados
Gozag
Hepliaklqana
Makhleb
Qazlal
Ru
Sif Muna
Trog
Uskayaw
Vehumet
Zin
The Shining One

Annotations:
D:6 safid's ghost, novice MfIE


Innate Abilities, Weirdness & Mutations

You can breathe blasts of scalding, opaque steam.
Your pale cyan-grey scales are hard. (AC +6)
You cannot fit into any form of body armour.
You are cold-blooded and may be slowed by cold attacks.
You are immune to the effects of steam.


Message History

Aiming: Shock (safe; 1% risk of failure)
Press: ? - help, Shift-Dir - straight line, f/p - safid's ghost
Aim: safid's ghost (severely damaged, 67% to hit)
The zap hits safid's ghost.
Safid's ghost is severely damaged.
Safid's ghost freezes you.
You are frozen!!
You feel yourself slow down.
Unknown command.
Casting: Shock (safe; 1% risk of failure)
Confirm with . or Enter, or press ? or * to list all spells.
Aiming: Shock (safe; 1% risk of failure)
Press: ? - help, Shift-Dir - straight line, f/p - safid's ghost
Aim: safid's ghost (severely damaged, 67% to hit)
The zap hits safid's ghost.
Safid's ghost is severely damaged.
Safid's ghost freezes you.
You are frozen.
Unknown command.
Casting: Shock (safe; 1% risk of failure)
Confirm with . or Enter, or press ? or * to list all spells.
Aiming: Shock (safe; 1% risk of failure)
Press: ? - help, Shift-Dir - straight line, f/p - safid's ghost
Aim: safid's ghost (severely damaged, 67% to hit)
The zap hits safid's ghost.
Safid's ghost is almost destroyed.
Safid's ghost hits you. Safid's ghost freezes you.
You are frozen!
* * * LOW HITPOINT WARNING * * *
You feel as though you will be slow longer.
Casting: Shock (safe; 1% risk of failure)
Confirm with . or Enter, or press ? or * to list all spells.
Aiming: Shock (safe; 1% risk of failure)
Press: ? - help, Shift-Dir - straight line, f/p - safid's ghost
Aim: safid's ghost (almost destroyed, 67% to hit)
The zap hits safid's ghost.
Safid's ghost is almost destroyed.
Safid's ghost freezes you.
You are frozen!
You die...

..######....# ##..###
...........## ##...##
########..## ##...## ####
### ###..# ####.### ##.##
########......## #..#
##...#.....##...###..#
###.........####...##..#
###....÷...@...####......#
##.........#W#...####....##
##....##...##.##...###....#
##...###...##...##...##...##
##..### #..##.....##..##...#
##.>##
##..#⌠.?♣!.⌠#.....#.###
#..##
##...##.....##...###>..###
..##
#.....##...##....###.....#
.##
#..#...##⌠##...####...####


You could see safid's ghost.

Vanquished Creatures
  A wraith (D:6)
  A water moccasin (D:5)
  An orc warrior (D:6)
  2 black bears
  2 ogres
  2 bullfrogs (D:6)
  A jelly (D:4)
  An orc priest (D:5)
  4 hounds
  2 sleepcaps
  A gnoll bouda (D:6)
  3 iguanas
  3 orc wizards
  5 gnolls (D:6)
  13 adders
  A shadow imp (D:6)
  A white imp (D:6)
  3 worms
  4 dart slugs
  13 orcs
  7 bats
  4 endoplasms
  5 giant cockroaches
  10 goblins
  6 hobgoblins
  6 jackals
  10 kobolds
  8 quokkas
  11 ball pythons
  3 frilled lizards
  11 rats
145 creatures vanquished.

Notes
Turn   | Place    | Note
-------+----------+-------------------------------------------
     0 | D:1      | Sabo the Draconian Air Elementalist began the quest for the
                  | Orb.
     0 | D:1      | Reached XP level 1. HP: 14/14 MP: 3/3
   498 | D:1      | Reached XP level 2. HP: 18/20 MP: 0/5
  1168 | D:2      | Reached XP level 3. HP: 14/26 MP: 1/6
  1238 | D:2      | Found a faded altar of an unknown god.
  1806 | D:2      | Reached XP level 4. HP: 33/33 MP: 7/7
  3075 | D:3      | Reached skill level 4 in Air Magic
  3204 | D:3      | Found a hazy altar of Hepliaklqana.
  3326 | D:3      | Reached XP level 5. HP: 19/39 MP: 7/9
  3553 | D:3      | Noticed a moth of wrath
  3557 | D:3      | Found a bloodstained altar of Trog.
  4251 | D:3      | Reached skill level 1 in Fighting
  4321 | D:3      | Found a broken altar of Ashenzari.
  4325 | D:3      | Saw a vision of the Swamp and the Snake Pit.
  4325 | D:3      | Noticed a spriggan rider
  4325 | D:3      | Noticed a naga sharpshooter
  4325 | D:3      | Noticed an eleionoma
  4325 | D:3      | Noticed a bog body
  4325 | D:3      | Noticed a naga
  4325 | D:3      | Noticed a black mamba
  4326 | D:3      | Noticed a goliath frog
  4327 | D:3      | Noticed a black mamba
  4327 | D:3      | Noticed a salamander
  4333 | D:3      | Noticed a vampire mosquito
  4540 | D:3      | Learned a level 2 spell: Static Discharge
  4741 | D:4      | Found an opulent altar of Gozag.
  4770 | D:4      | Reached skill level 1 in Long Blades
  5284 | D:4      | Reached XP level 6. HP: 47/47 MP: 3/10
  6066 | D:4      | Learned a level 4 spell: Airstrike
  6068 | D:5      | Entered Level 5 of the Dungeon
  6103 | D:5      | Noticed a water moccasin
  6110 | D:5      | Killed a water moccasin
  6261 | D:5      | Your scales start taking on a pale cyan-grey colour.
  6261 | D:5      | Reached skill level 5 in Air Magic
  6261 | D:5      | Reached XP level 7. HP: 22/52 MP: 9/12
  6261 | D:5      | Gained mutation: You are immune to the effects of steam.
                  | [Pale Draconian growth]
  6519 | D:5      | Identified the +0 robe "Naloucut" {rF+}
  7368 | D:5      | Found a sacrificial altar of Ru.
  7485 | D:6      | Found a staircase to the Ecumenical Temple.
  7492 | Temple   | Entered the Ecumenical Temple
  7641 | Temple   | Became a worshipper of Sif Muna the Loreminder
  7741 | D:6      | Identified the staff of cold "Ihyof" {rC+ Str+3}
  8211 | D:6      | Reached XP level 8. HP: 59/59 MP: 10/14
  8426 | D:6      | Found a radiant altar of Vehumet.
  8786 | D:6      | Reached skill level 6 in Air Magic
  8936 | D:6      | Found a runed translucent door.
  8937 | D:6      | Noticed safid's ghost (novice MfIE)
  9169 | D:6      | Reached * piety under Sif Muna
  9324 | D:6      | Frozen to death by safid's ghost

Illustrated notes

Levels and vault maps discovered:
D:1:      amcnicky_arrival_flooded_fountain, layout_basic, minmay_liquid_box,
          kennysheep_flooded_box, minmay_misc_feat_rows
D:2:      layout_basic, ebering_ecumenical_altar_sacrificial, grunt_ministairs_3
D:3:      layout_basic, tgw_trog, mainiacjoe_overflow_small_starburst,
          grunt_ashenzari_visionary [grunt_ashenzari_visionary_swamp,
          grunt_ashenzari_visionary_snake]
D:4:      minmay_inner_zag, layout_basic,
          nicolae_gozag_cash_rules_everything_around_me
D:5:      layout_loops_ring, general_overflow_altar
D:6:      layout_layer_cave, kennysheep_mini, temple_statues,
          hellmonk_ghost_happy_afterlife
Temple:   nicolae_temple_superstar

Skill      XL: |  1  2  3  4  5  6  7  8 |
---------------+-------------------------+-----
Dodging        | 2 3 |  3.1
Air Magic      | 4 5 6 |  6.2
Conjurations   | 2 3 4 |  4.5
Stealth        | 2 3 |  3.2
Fighting       | 1 2 |  2.2
Long Blades    | 1 2 3 4 |  4.7
Spellcasting   | 3 4 |  4.8
Short Blades   | |  0.1
Maces & Flails | |  0.7

Action                     |  1- 3 |  4- 6 |  7- 9 || total
---------------------------+-------+-------+-------++-------
  Melee: Club              |    14 |       |       ||    14
         Tailslap          |     6 |    13 |     8 ||    27
         Unarmed           |     2 |       |       ||     2
         Whip              |    11 |       |       ||    11
         Short sword       |    14 |       |       ||    14
         Long sword        |     5 |   105 |    44 ||   154
         Spear             |     5 |       |       ||     5
   Cast: Shock             |    57 |   126 |    67 ||   250
Ability: Breathe Steam     |       |       |     9 ||     9
    Use: Scroll            |       |     5 |     2 ||     7
 Armour: Skin              |    21 |    60 |     9 ||    90
  Dodge: Dodged            |    51 |   100 |    36 ||   187
